 Dungeon Crawl Stone Soup version 0.22.0-27-ga576289 (webtiles) character file.

8189 Dietz the Cleaver (level 11, 0/97 HPs)
             Began as a Hill Orc Enchanter on Aug 22, 2018.
             Was a High Priest of Okawaru.
             Splashed by an orc warrior's acid (8 damage)
             ... on level 12 of the Dungeon.
             The game lasted 00:30:45 (12756 turns).

Dietz the Cleaver (Hill Orc Enchanter)             Turns: 12756, Time: 00:30:47

Health: 0/97       AC: 11    Str: 15    XL:     11   Next: 27%
Magic:  12/14      EV: 13    Int: 15    God:    Okawaru [*****.]
Gold:   260        SH:  6    Dex: 11    Spells: 1/13 levels left

rFire    . . .     SeeInvis .   z - +9 hand axe
rCold    . . .     Gourm    .   w - +0 buckler
rNeg     . . .     Faith    .   p - +0 ring mail
rPois    .         Spirit   .   c - +2 helmet
rElec    .         Reflect  .   J - +2 cloak
rCorr    .         Harm     .   y - +1 pair of gloves
MR       .....                  (no boots)
Stlth    +++.......             n - amulet of the acrobat
HPRegen  0.26/turn              l - +2 ring of protection
MPRegen  0.14/turn              (no ring)

@: heroism, corroded
A: no striking features
a: Heroism, Finesse, Renounce Religion


You were on level 12 of the Dungeon.
You worshipped Okawaru.
Okawaru was extremely pleased with you.
You were not hungry.

You visited 2 branches of the dungeon, and saw 13 of its levels.
You also visited: Ossuary.

You collected 505 gold pieces.
You spent 245 gold pieces at shops.

Inventory:

Hand Weapons
 g - a +1 quarterstaff of protection
 z - a +9 hand axe (weapon)
 K - the +8 arbalest "Goblinslayer" {venom, Str+6 Stlth+, unknown}
   (Okawaru gifted it to you on level 12 of the Dungeon)

   It poisons the ammo it fires.
   It affects your strength (+6).
   It makes you more stealthy.
Missiles
 f - 371 stones (quivered)
 m - 45 poisoned needles
Armour
 c - a +2 helmet (worn)
 i - a +0 scale mail
 k - a +0 plate armour of fire resistance
 p - a +0 ring mail (worn)
 w - a +0 buckler (worn)
 y - a +1 pair of gloves (worn)
 J - a +2 cloak (worn)
Jewellery
 l - a +2 ring of protection (left hand)
 n - an amulet of the acrobat (around neck)
Wands
 a - a wand of polymorph (16)
 o - a wand of iceblast (12)
 v - a wand of random effects (56)
 A - a wand of flame (19)
 B - a wand of paralysis (8)
Scrolls
 e - 3 scrolls of enchant armour
 h - 2 scrolls of magic mapping
 j - 5 scrolls of teleportation
 q - 2 scrolls of remove curse
 r - a scroll of blinking
 E - a scroll of brand weapon {unknown}
 G - a scroll of fog
 L - a scroll of vulnerability {unknown}
Potions
 b - 4 potions of cancellation
 s - 8 potions of curing
 t - 2 potions of might
 u - a potion of berserk rage {unknown}
 C - a potion of magic {unknown}
 D - 2 potions of haste
 F - 2 potions of brilliance
 H - a potion of heal wounds
 I - a potion of invisibility {unknown}
Comestibles
 d - 19 rations


   Skills:
 + Level 9.4(14.4) Fighting
   Level 1.0(6.0) Short Blades
 - Level 14.0(19.0) Axes
 + Level 8.6(13.6) Armour
 - Level 1.5(6.5) Dodging
 - Level 2.4(7.4) Stealth
 + Level 5.7(10.7) Shields
 - Level 1.5 Spellcasting
 - Level 3.0 Hexes
 + Level 4.3 Invocations


You had one spell level left.
You knew the following spells:

 Your Spells              Type           Power        Failure   Level  Hunger
a - Corona                Hex            ##.....      11%         1    ##.....
b - Ensorcelled Hibernat  Hex/Ice        #.....       30%         2    ###....
c - Confuse               Hex            ##......     32%         3    ####...
d - Tukima's Dance        Hex            ##......     32%         3    ####...
e - Dazzling Spray        Conj/Hex       #.....       52%         3    ####...

Your spell library contained the following spells:

 Spells                   Type           Power        Failure   Level  Hunger
 Cause Fear               Hex            ##........   73%         4    #####..
 Silence                  Hex/Air        #.........   99%         5    ######.
 Yara's Violent Unravell  Hex/Tmut       #.........   99%         5    ######.
 Deflect Missiles         Chrm/Air       #.........   100%        6    #######
 Discord                  Hex            ##........   100%        8    #######


Dungeon Overview and Level Annotations

Branches:
Dungeon (12/15)            Temple (1/1) D:4            Lair (0/6) D:8
    Orc: D:9-12

Altars:
Ashenzari
Cheibriados
Dithmenos
Elyvilon
Fedhas
Gozag
Hepliaklqana
Kikubaaqudgha
Makhleb
Nemelex Xobeh
Okawaru
Qazlal
Ru
Sif Muna
Trog
Uskayaw
Vehumet
Wu Jian
Xom
Yredelemnul
Zin
The Shining One

Shops:
D:4 }!*}   D:10 [

Annotations:
D:5 5 runed doors


Message History

The orc warrior is moderately wounded.
The orc warrior zaps a wand.
The bolt of acid misses you.
An orc comes into view. It is wielding a hand axe.
You closely miss the orc warrior.
The orc warrior is moderately wounded.
You hit the orc but do no damage. The orc hits you with a mace.
The orc warrior hits you with a broad axe!
You gain the combat prowess of a mighty hero.
The orc misses you.
You fail to use your ability.
The orc warrior zaps a wand.
The bolt of acid hits you! The acid corrodes you!
You are splashed with acid!
The acid burns!
The orc hits you with a hand axe.
* * * LOW HITPOINT WARNING * * *
You closely miss the orc warrior.
The orc warrior is moderately wounded.
You hit the orc. You hit the orc but do no damage. The orc misses you.
The orc warrior zaps a wand.
The bolt of acid hits you!
* * * LOW HITPOINT WARNING * * *
The acid corrodes you!
You are splashed with acid!
The acid burns!
You die...

#.# #.# #.# ###
##.## #.. #
##...###.#
####.####........#
#............#####
#.###.##.######.##
#..)o@o..# #.#
##...o...# #.#
#.#####.# #.# #.
[# .. # # .


You could see an orc warrior and 2 orcs.

Vanquished Creatures
  A two-headed ogre (D:8)
  A troll (D:12)
  A hornet (D:7)
  2 hippogriffs
  12 yaks
  2 wyverns
  A hungry ghost (D:10)
  Menkaure (D:5)
  Duvessa (D:6)
  3 phantoms
  2 ice beasts
  An eye of draining (D:10)
  4 ogres
  4 black bears
  A necrophage (D:7)
  2 orc warriors
  A sky beast (D:5)
  2 centaurs
  A big kobold (D:8)
  2 elf zombies (Ossuary)
  5 bullfrogs
  Dowan (D:6)
  4 scorpions
  3 wights (D:6)
  2 howler monkeys (D:12)
  2 quasits
  2 jellies
  2 crimson imps
  A centaur skeleton (D:10)
  7 orc wizards
  3 orc priests
  6 bullfrog skeletons
  4 hounds
  3 iguanas
  Jessica (D:7)
  Ijyb (D:4)
  14 worker ants
  A big kobold zombie (Ossuary)
  A hound zombie (Ossuary)
  A hound skeleton (D:8)
  4 mummies (Ossuary)
  A howler monkey skeleton (D:5)
  5 gnolls
  15 adders
  3 shadow imps
  2 oozes
  An adder skeleton (D:10)
  A worm (D:5)
  12 dart slugs
  2 leopard geckos
  16 orcs
  6 bats
  6 giant cockroaches
  A gnoll zombie (Ossuary)
  2 goblins
  7 hobgoblins
  11 jackals
  7 quokkas
  3 frilled lizards
  A goblin zombie (Ossuary)
  3 hobgoblin zombies (Ossuary)
  A jackal skeleton (D:7)
  12 kobolds
  A kobold zombie (Ossuary)
  A leopard gecko skeleton (D:9)
  A leopard gecko zombie (D:6)
  An orc zombie (Ossuary)
  6 rats
  A rat zombie (Ossuary)
242 creatures vanquished.

Notes
Turn   | Place    | Note
-------+----------+-------------------------------------------
     0 | D:1      | Dietz the Hill Orc Enchanter began the quest for the Orb.
     0 | D:1      | Reached XP level 1. HP: 14/14 MP: 3/3
    79 | D:1      | Reached skill level 1 in Fighting
   130 | D:1      | Reached skill level 1 in Armour
   130 | D:1      | Reached XP level 2. HP: 5/23 MP: 4/4
   639 | D:1      | Reached XP level 3. HP: 15/29 MP: 2/5
  1831 | D:2      | Reached XP level 4. HP: 28/37 MP: 6/6
  2040 | D:2      | You fall through a shaft!
  2042 | D:3      | Found a faded altar of an unknown god.
  2415 | D:4      | Noticed Ijyb
  2421 | D:4      | Killed Ijyb
  2421 | D:4      | Reached XP level 5. HP: 15/46 MP: 7/7
  3743 | D:3      | Found a hide-covered altar of Uskayaw.
  3743 | D:3      | Noticed a hand axe
  3744 | D:3      | Noticed a hand axe
  4097 | D:3      | Reached XP level 6. HP: 40/53 MP: 8/8
  4306 | D:4      | Reached skill level 5 in Fighting
  4568 | D:4      | Found Haler's Gadget Shop.
  4589 | D:4      | Found Gawn's Distillery.
  4594 | D:4      | Bought a potion of heal wounds for 65 gold pieces
  4609 | D:4      | Found a staircase to the Ecumenical Temple.
  4928 | D:4      | Reached skill level 5 in Armour
  5178 | Temple   | Entered the Ecumenical Temple
  5774 | D:4      | Reached XP level 7. HP: 52/62 MP: 9/9
  5961 | D:4      | Found Noimm's General Store.
  6015 | D:4      | Found Xyluinn's Gadget Shoppe.
  6172 | D:5      | Entered Level 5 of the Dungeon
  6205 | D:5      | Found an iron altar of Okawaru.
  6238 | D:5      | Became a worshipper of Warmaster Okawaru
  6406 | D:5      | Found a runed door.
  6412 | D:5      | Found a runed gate.
  6412 | D:5      | Noticed a soldier ant
  6413 | D:5      | Noticed a soldier ant
  6414 | D:5      | Found a runed gate.
  6414 | D:5      | Found a runed gate.
  6414 | D:5      | Noticed a soldier ant
  6415 | D:5      | Noticed a soldier ant
  6416 | D:5      | Noticed a soldier ant
  6416 | D:5      | Noticed a soldier ant
  6506 | D:5      | Noticed Menkaure
  6512 | D:5      | Killed Menkaure
  6512 | D:5      | Reached * piety under Okawaru
  6512 | D:5      | Reached XP level 8. HP: 39/73 MP: 10/10
  7284 | D:5      | Found a runed door.
  7294 | D:5      | Found the +9 staff of Olgreb {rPois}
  7508 | D:6      | Reached skill level 1 in Shields
  7769 | D:6      | Noticed Duvessa
  7770 | D:6      | Noticed Dowan
  7981 | D:6      | Reached skill level 2 in Axes
  8008 | D:6      | Reached skill level 3 in Axes
  8023 | D:6      | Reached skill level 4 in Axes
  8027 | D:6      | Reached ** piety under Okawaru
  8032 | D:6      | Reached skill level 5 in Axes
  8032 | D:6      | Reached XP level 9. HP: 58/82 MP: 11/11
  8155 | D:6      | Reached skill level 6 in Axes
  8269 | D:6      | Paralysed by a gnoll for 4 turns
  8503 | D:6      | Reached skill level 7 in Axes
  8614 | D:6      | Killed Duvessa
  8617 | D:6      | Killed Dowan
  8827 | D:7      | Found a shimmering altar of Xom.
  8831 | D:7      | Reached skill level 8 in Axes
  8906 | D:7      | Noticed Jessica
  8911 | D:7      | Killed Jessica
  8916 | D:7      | Found a deep blue altar of Sif Muna.
  9084 | D:7      | Reached *** piety under Okawaru
  9110 | D:7      | Found a sand-covered staircase.
  9165 | Ossuary  | Entered an ossuary
  9191 | Ossuary  | Reached skill level 9 in Axes
  9442 | Ossuary  | Learned a level 1 spell: Corona
  9445 | Ossuary  | Learned a level 2 spell: Ensorcelled Hibernation
  9449 | Ossuary  | Learned a level 3 spell: Confuse
  9453 | Ossuary  | Learned a level 3 spell: Tukima's Dance
  9517 | D:7      | Noticed a hornet
  9522 | D:7      | Killed a hornet
  9527 | D:7      | Reached skill level 10 in Axes
  9635 | D:7      | Found a snail-covered altar of Cheibriados.
  9783 | D:8      | Noticed a two-headed ogre
  9795 | D:8      | Killed a two-headed ogre
  9795 | D:8      | Reached **** piety under Okawaru
  9795 | D:8      | Reached skill level 12 in Axes
  9795 | D:8      | Reached XP level 10. HP: 87/90 MP: 12/12
  9823 | D:8      | Found a staircase to the Lair.
  9904 | D:8      | Learned a level 3 spell: Dazzling Spray
 10032 | D:8      | Found an opulent altar of Gozag.
 10033 | D:8      | Found an ancient bone altar of Kikubaaqudgha.
 10255 | D:8      | Found a sacrificial altar of Ru.
 10980 | D:10     | Entered Level 10 of the Dungeon
 11116 | D:10     | Reached skill level 13 in Axes
 11488 | D:10     | Reached skill level 14 in Axes
 11529 | D:10     | Found Rirogh's Antique Armour Emporium.
 11535 | D:10     | Bought a glowing cloak for 180 gold pieces
 11611 | D:10     | Reached skill level 1 in Invocations
 12121 | D:11     | Reached ***** piety under Okawaru
 12395 | D:12     | Reached XP level 11. HP: 79/95 MP: 13/13
 12400 | D:12     | Received a gift from Okawaru
 12400 | D:12     | Reached skill level 5 in Shields
 12403 | D:12     | Got a bloodstained arbalest {god gift}
 12756 | D:12     | Splashed by an orc warrior's acid

Skill      XL: |  1  2  3  4  5  6  7  8  9 10 11 |
---------------+----------------------------------+-----
Fighting       | 1 2 3 4 5 7 8 9 |  9.4
Armour         | 1 2 3 4 5 6 7 8 |  8.6
Shields        | 2 4 5 |  5.7
Axes           | 5 12 14 | 14.0
Invocations    | 2 4 |  4.3
Short Blades   | |  1.0
Dodging        | |  1.5
Stealth        | |  2.4
Spellcasting   | |  1.5
Hexes          | |  3.0

Action                   |  1- 3 |  4- 6 |  7- 9 | 10-12 || total
-------------------------+-------+-------+-------+-------++-------
Melee: Dagger            |   175 |   309 |       |       ||   484
       Quarterstaff      |       |       |   203 |       ||   203
       Hand axe          |       |       |   249 |   313 ||   562
Throw: Stone             |       |     1 |     1 |       ||     2
 Cast: Corona            |     6 |       |       |       ||     6
Invok: Heroism           |       |       |     3 |     3 ||     6
Evoke: Wand              |       |    19 |    23 |       ||    42
  Use: Potion            |     1 |     6 |       |       ||     7
       Scroll            |       |     9 |    12 |     5 ||    26
 Stab: Sleeping          |     3 |     1 |     1 |       ||     5
       Paralysed         |       |       |     6 |       ||     6
  Eat: Chunk             |     3 |    11 |     9 |    10 ||    33
       Ration            |       |       |     2 |       ||     2
Armor: Robe              |    37 |       |       |       ||    37
       Ring mail         |    17 |   121 |   257 |    83 ||   478
Dodge: Dodged            |   123 |   197 |   246 |   138 ||   704
Block: Buckler           |       |       |    20 |    64 ||    84
